AoeStats
← Orange Jiangzc

Socotra

514561444Analyzed
1v1 RM · 13h ago on Oct 18, 2026· 48m 40s· 2 players
Game mode
Random Map
Map size
96×96
Population
200
Speed
Normal
Resources
Standard
Victory
Conquest
Starting age
Dark Age
Ending age
Imperial Age
RankedLock teamsTeams togetherTeam positionsShared explorationLock speedFull tech treeHidden civsTurbo modeCheats
Victory
Defeat
🇨🇳 Koreans · China
1005
+17
vs
🇨🇳 Saxons · China
1035
-17
Dycn
7:28 Loom
9:39 Feudal Age
10:07 Double-Bit Axe
10:46 Horse Collar
15:23 Wheelbarrow
19:52 Castle Age
20:37 Gold Mining
21:00 Bow Saw
22:25 Stone Mining
23:26 Heavy Plow
22:56 Man-at-Arms
27:29 Town Watch
27:36 Town Watch
29:00 Fletching
31:38 Stone Shaft Mining
32:28 Hand Cart
34:30 Eupseong
35:25 Ballistics
35:40 Town Patrol
35:16 Long Swordsman
37:18 Bodkin Arrow
37:25 Scale Mail Armor
37:36 Forging
37:33 Squires
37:48 Masonry
40:27 Imperial Age
39:39 Treadmill Crane
41:31 Iron Casting
41:12 Chain Mail Armor
40:30 Two-Handed Swordsman
43:09 Chemistry
43:20 Elite Skirmisher
44:07 Thumb Ring
44:12 Champion
46:07 Siege Engineers
47:40 Conscription
49:00 Bracer
Orange Jiangzc
6:53 Loom
10:38 Feudal Age
10:41 Man-at-Arms
13:22 Double-Bit Axe
18:41 Horse Collar
21:46 Wheelbarrow
25:12 Castle Age
23:13 Gold Mining
23:15 Stone Mining
26:45 Fletching
27:47 Bodkin Arrow
28:22 Bow Saw
32:21 Husbandry
32:32 Bloodlines
37:47 Imperial Age
35:49 Scale Mail Armor
36:25 Forging
42:58 Chain Mail Armor
43:19 Iron Casting
43:03 Chain Mail Armor
47:00 Bracer
Connection lost

Rejoining the realm…

Still unreachable

The connection could not be restored.

Session expired

The server has moved on; the page needs a fresh start.